 Dungeon Crawl Stone Soup version 0.30-a0-394-g3e4acdb0ae (webtiles) character file.

Game seed: 3376640790451403866

2534 AigisTheKnight the Firebug (level 9, -5/61 HPs)
             Began as an Octopode Fire Elementalist on Dec 7, 2022.
             Was a Follower of the Shining One.
             Slain by an orc warrior
             ... wielding a +0 halberd
              (20 damage)
             ... on level 7 of the Dungeon.
             The game lasted 00:16:41 (9095 turns).

AigisTheKnight the Firebug (OpFE)                   Turns: 9095, Time: 00:16:41

Health: -5/61      AC:  1    Str: 13    XL:     9   Next: 55%
Magic:  2/17       EV: 15    Int: 22    God:    the Shining One [*.....]
Gold:   366        SH:  0    Dex: 12    Spells: 12/18 levels left

rFire   + . .      SeeInvis .    r - +2 whip (flame)
rCold   . . .      Faith    .    (no shield)
rNeg    . . .      Spirit   .    (helmet restricted)
rPois   .          Reflect  .    (no amulet)
rElec   .          Harm     .    l - +6 ring of strength
rCorr   .          Rampage  .    o - ring of protection from fire
Will    .....                    (no ring)
Stlth   ++........               (no ring)
HPRegen 0.30/turn                (no ring)
MPRegen 0.15/turn                (no ring)
                                 (no ring)
                                 (no ring)

@: glowing
A: almost no armour, amphibious, 8 rings, camouflage 1, gelatinous body 1,
(nimble swimmer 1), tentacles
a: Renounce Religion, Divine Shield


You were on level 7 of the Dungeon.
You worshipped the Shining One.
The Shining One was aware of your devotion.
You visited 2 branches of the dungeon, and saw 8 of its levels.
You also visited: Sewer.

You collected 366 gold pieces.

Inventory:

Hand Weapons
 c - a +0 dagger
 r - a +2 whip of flaming (weapon)
 x - a +2 whip of electrocution
Missiles
 m - 2 datura-tipped darts (quivered)
Jewellery
 l - a +6 ring of strength (left tentacle)
 o - a ring of protection from fire (right tentacle)
Wands
 u - a wand of mindburst (4)
 B - a wand of iceblast (7)
 C - a wand of charming (2)
 D - a wand of quicksilver (6)
Scrolls
 b - 2 scrolls of teleportation {unknown}
 h - a scroll of silence {unknown}
 i - a scroll of magic mapping {unknown}
 j - 5 scrolls of identify
 n - a scroll of poison {unknown}
 q - a scroll of summoning {unknown}
 t - a scroll of torment {unknown}
 v - a scroll of fog {unknown}
 w - a scroll of enchant armour {unknown}
 y - a scroll of acquirement {unknown}
 E - a scroll of enchant weapon {unknown}
Potions
 a - 2 potions of magic
 d - 3 potions of resistance
 e - a potion of haste {unknown}
 f - 3 potions of lignification {unknown}
 g - 3 potions of curing
 k - 2 potions of degeneration {unknown}
 p - a potion of cancellation
 s - 2 potions of heal wounds
 z - a potion of ambrosia {unknown}
 A - a potion of invisibility
 F - a potion of mutation {unknown}


   Skills:
 + Level 5.0 Fighting
 + Level 5.8 Dodging
 - Level 2.9 Stealth
 + Level 5.3 Spellcasting
 + Level 5.4 Conjurations
 + Level 6.2 Fire Magic
 + Level 3.7 Poison Magic


You had 12 spell levels left.
You knew the following spells:

 Your Spells              Type           Power      Damage    Failure   Level
a - Foxfire               Conj/Fire      100%       2x1d9     1%          1
b - Scorch                Fire           66%        2d8       1%          2
c - Mephitic Cloud        Conj/Pois/Air  19%        N/A       9%          3

Your spell library contained the following spells:

 Spells                   Type           Power      Damage    Failure   Level
 Magic Dart               Conj           100%       1d8       1%          1
 Searing Ray              Conj           58%        2d6       1%          2
 Static Discharge         Conj/Air       34%        2-4/arc   4%          2
 Inner Flame              Hex/Fire       19%        N/A       9%          3
 Flame Wave               Conj/Fire      31%        2d9       9%          4
 Apportation              Tloc           10%        N/A       10%         1
 Hailstorm                Conj/Ice       17%        3d6       10%         3
 Kindle Blastsparks       Fire/Tloc/Air  30%        2d12      13%         3
 Call Imp                 Summ           5%         N/A       14%         2
 Vhi's Electric Charge    Tloc/Air       10%        N/A       28%         3
 Arcjolt                  Conj/Air       8%         1d18      65%         5
 Lightning Bolt           Conj/Air       8%         1d21      65%         5
 Manifold Assault         Tloc           5%         N/A       67%         4
 Alistair's Intoxication  Tmut/Pois      9%         N/A       77%         5
 Orb of Destruction       Conj           14%        9d7       100%        7


Dungeon Overview and Level Annotations

Branches:
Dungeon (7/15)             Temple (1/1) D:5           Sewer (visited)

Altars:
Ashenzari
Cheibriados
Dithmenos
Elyvilon
Fedhas
Gozag
Hepliaklqana
Kikubaaqudgha
Makhleb
Nemelex Xobeh
Okawaru
Qazlal
Sif Muna
Trog
Uskayaw
Vehumet
Wu Jian
Xom
Yredelemnul
Zin
The Shining One

Shops:
D:1 *:


Innate Abilities, Weirdness & Mutations

You cannot wear most types of armour.
You are amphibious.
You can wear up to eight rings at the same time.
Your skin changes colour to match your surroundings (Stealth+).
Your rubbery body absorbs attacks. (AC +1, EV +1)
((You are camouflaged when in or above water. (Stealth+)))
You have tentacles for arms and can constrict up to eight enemies at once.


Message History

The orc warrior is moderately wounded.
The orc warrior barely misses you.
Casting: Foxfire (safe; 1% risk of failure)
Confirm with . or Enter, or press ? or * to list all spells.
Flames lash the orc.
You kill the orc!
The foxfire hits the orc warrior but does no damage.
The orc warrior is moderately wounded.
The foxfire hits the orc warrior.
The orc warrior is moderately wounded.
The orc warrior misses you.
Casting: Scorch (safe; 1% risk of failure)
Confirm with . or Enter, or press ? or * to list all spells.
Flames lash the orc warrior.
The orc warrior is heavily wounded.
The orc warrior's fire resistance burns away.
The orc warrior hits you from afar with a +0 halberd.
Unknown command.
Casting: Scorch (safe; 1% risk of failure)
Confirm with . or Enter, or press ? or * to list all spells.
Flames lash the orc warrior.
The orc warrior is burned terribly!
The orc warrior is severely wounded.
The orc warrior misses you.
Unknown command.
Casting: Scorch (safe; 1% risk of failure)
Confirm with . or Enter, or press ? or * to list all spells.
Flames lash the orc warrior but do no damage.
The orc warrior hits you from afar with a +0 halberd!
Casting: Scorch (safe; 1% risk of failure)
Confirm with . or Enter, or press ? or * to list all spells.
You don't have enough magic to cast this spell.
The orc warrior hits you with a +0 halberd!
* * * LOW HITPOINT WARNING * * *
Items here: )) [ ††.
You hit the orc warrior but do no damage.
You grab the orc warrior.
The orc warrior is severely wounded.
You constrict the orc warrior, but do no damage.
The orc warrior hits you with a +0 halberd!!
You die...

.. .## ...##. #...
....?. #...#
......#####...
........#....
>..........#
........o..#
..........@..# ....
..[........### .....
...........###
...................#
..... ....)...##...#
....##........ #...#
##..#.....#...##...#
.........####.##.###
.....)..## #..##..#


You could see an orc warrior (combustible).

Vanquished Creatures
  Maggie (D:7)
  Grinder (D:3)
  Sigmund (D:3)
  Menkaure (D:7)
  An ice beast (D:7)
  2 ogres
  6 kobold brigands
  A bullfrog (D:7)
  3 phantoms
  Blork the orc (D:4)
  2 scorpions
  A wight (D:7)
  A hound (D:5)
  3 jellies
  2 iguanas
  4 orc wizards
  3 gnolls (D:5)
  7 adders
  2 river rats (Sewer)
  3 shadow imps
  A white imp (D:5)
  4 ufetubi
  11 worms
  A dart slug (D:5)
  26 orcs
  7 ball pythons
  10 endoplasms
  6 giant cockroaches
  7 goblins
  6 hobgoblins
  2 jackals (D:5)
  4 quokkas
  A bat (D:1)
  A frilled lizard (D:2)
  15 kobolds
  4 rats
152 creatures vanquished.

Vanquished Creatures (collateral kills)
  3 foxfires (D:4)
3 creatures vanquished.

Vanquished Creatures (others)
  605 foxfires
  8 plants (D:4)
  6 withered plants (D:7)
619 creatures vanquished.

Grand Total: 774 creatures vanquished

Notes
Turn   | Place    | Note
-------+----------+-------------------------------------------
     0 | D:1      | AigisTheKnight the Octopode Fire Elementalist began the
                  | quest for the Orb.
     0 | D:1      | Reached XP level 1. HP: 11/11 MP: 3/3
   171 | D:1      | Reached XP level 2. HP: 17/17 MP: 1/5
   258 | D:1      | Found Connihim's Book Boutique.
   320 | D:1      | Found Qameczuh's General Store.
  1116 | D:2      | Reached XP level 3. HP: 22/22 MP: 2/6
  2264 | D:3      | Noticed Grinder
  2264 | D:3      | Paralysed by Grinder for 3 turns
  2277 | D:3      | Killed Grinder
  2278 | D:3      | Reached XP level 4. HP: 12/29 MP: 0/8
  2278 | D:3      | Reached XP level 5. HP: 14/34 MP: 0/9
  2278 | D:3      | Reached XP level 6. HP: 16/39 MP: 0/10
  2449 | D:3      | Noticed Sigmund
  2457 | D:3      | Killed Sigmund
  2458 | D:3      | Reached skill level 4 in Fire Magic
  2541 | D:3      | Found a glowing drain.
  2545 | Sewer    | Entered a sewer
  2549 | Sewer    | Learned a level 2 spell: Scorch
  2994 | Sewer    | Reached XP level 7. HP: 45/45 MP: 5/12
  4146 | D:3      | Found a burning altar of Makhleb.
  4172 | D:3      | Found an ancient bone altar of Kikubaaqudgha.
  4561 | D:3      | Found a stormy altar of Qazlal.
  4757 | D:4      | Reached XP level 8. HP: 49/52 MP: 12/14
  4808 | D:4      | Noticed Blork the orc
  4820 | D:4      | Killed Blork the orc
  4821 | D:4      | Reached skill level 5 in Fire Magic
  5599 | D:4      | Found a hazy altar of Hepliaklqana.
  5664 | D:4      | Found a sparkling altar of Nemelex Xobeh.
  5757 | D:4      | Found a hide-covered altar of Uskayaw.
  5916 | D:5      | Entered Level 5 of the Dungeon
  5985 | D:5      | Found a glowing silver altar of Zin.
  6485 | D:5      | Reached skill level 1 in Poison Magic
  6524 | D:5      | Found a basalt altar of Yredelemnul.
  7068 | D:5      | Found a staircase to the Ecumenical Temple.
  7074 | Temple   | Entered the Ecumenical Temple
  7255 | Temple   | Became a worshipper of the Shining One
  7558 | D:6      | Reached skill level 5 in Dodging
  7628 | D:6      | Found a broken altar of Ashenzari.
  8266 | D:7      | Noticed Menkaure
  8495 | D:7      | Killed Menkaure
  8496 | D:7      | Reached XP level 9. HP: 31/59 MP: 6/16
  8617 | D:7      | Reached skill level 5 in Conjurations
  8646 | D:7      | Reached skill level 5 in Spellcasting
  8661 | D:7      | Learned a level 3 spell: Mephitic Cloud
  8762 | D:7      | Got the Incunable of the Pure Knaves
  8853 | D:7      | Reached skill level 6 in Fire Magic
  8866 | D:7      | Noticed Maggie
  8880 | D:7      | Killed Maggie
  8941 | D:7      | Reached * piety under the Shining One
  9014 | D:7      | Reached skill level 5 in Fighting
  9095 | D:7      | Slain by an orc warrior

Illustrated notes

Levels and vault maps discovered:
D:1:      minmay_arrival_nine_rooms, layout_basic, serial_shops, shop,
          nicolae_shop_crystal, ebering_dispersal_statue_hall
D:2:      layout_basic, serial_co_window_serial, co_window_paths_b,
          co_window_corner_a, co_window_paths_a, co_window_corner_a,
          co_window_paths_a, co_window_corner_b, co_window_of_opportunity_b,
          co_window_of_opportunity_b, co_window_unsneaky_path_c,
          co_window_broadway_c, co_window_corner_ca, co_window_corner_b,
          co_window_4corner_a, co_window_4corner_b, glass_columns_b
D:3:      layout_loops_corners, general_overflow_altar,
          mainiacjoe_overflow_boulevard, bloody_makhleb, gup_sewer_entry_bowl,
          nrook_mini_vaults, uniq_sigmund, uniq_grinder
D:4:      layout_loops_ring, nicolae_overflow_hidden_temple,
          nicolae_hepliaklqana_hippocampus, nemelex_dance_club_becter,
          serial_bayou, serial_bayou_pond_c, serial_bayou_shore_b,
          serial_bayou_ford_a, serial_bayou_lagoon_a, minmay_diced_spiral,
          uniq_blork_the_orc
D:5:      layout_cave_pools, mainiacjoe_overflow_paths, lemuel_crystal_altar,
          minmay_temple_entry_nine_rooms
D:6:      layout_basic, mainiacjoe_overflow_six_doors_small
D:7:      layout_cave_pools, serial_undead, serial_undead_a, serial_undead_e,
          serial_undead_d, serial_undead_c, grunt_ministairs_14, st_stairs_12,
          uniq_menkaure, uniq_maggie
Temple:   nicolae_temple_bog_church

Skill      XL: |  1  2  3  4  5  6  7  8  9 |
---------------+----------------------------+-----
Fighting       | 2 3 4 5 |  5.0
Dodging        | 3 4 5 |  5.8
Spellcasting   | 3 4 5 |  5.3
Conjurations   | 2 3 4 5 |  5.4
Fire Magic     | 4 5 6 |  6.2
Poison Magic   | 2 3 |  3.7
Stealth        | |  2.9

Action                   |  1- 3 |  4- 6 |  7- 9 || total
-------------------------+-------+-------+-------++-------
Melee: Unarmed           |     5 |       |       ||     5
       Constrict         |     7 |     1 |    12 ||    20
       Tentacles         |     7 |     1 |    15 ||    23
       Dagger            |    22 |     5 |     2 ||    29
       Whip              |       |       |    45 ||    45
       Punch             |       |       |     2 ||     2
 Cast: Foxfire           |    61 |    39 |   290 ||   390
       Scorch            |       |     6 |    38 ||    44
  Use: Scroll            |       |       |     4 ||     4
 Stab: Sleeping          |     3 |       |       ||     3
Armor: Skin              |       |       |     2 ||     2
Dodge: Dodged            |    17 |     5 |    36 ||    58

Table legend: (Time is in decaauts)
 A = Elapsed time spent in this place.
 B = Non-inter-level travel time spent in this place.
 C = Inter-level travel time spent in this place.
 D = Time resting spent in this place.
 E = Time spent auto-exploring this place.
 F = Levels seen in this place.
 G = Mean time per level.
                   A        B        C        D        E       F      G
               +--------+--------+--------+--------+--------+-----+--------+
         Total |   9095 |   8765 |    330 |    173 |   7446 |   9 | 1010.6 |
       Dungeon |   7633 |   7402 |    231 |    134 |   6354 |   7 | 1090.4 |
        Temple |    231 |    132 |     99 |      0 |    115 |   1 |  231.0 |
         Sewer |   1230 |   1230 |      0 |     39 |    977 |   1 | 1230.0 |
               +--------+--------+--------+--------+--------+-----+--------+

Top non-repeatable levels by time:
     D:2: 1288 daAuts
     D:3: 1277 daAuts
     D:4: 1238 daAuts
   Sewer: 1230 daAuts
     D:5: 1208 daAuts
     D:6: 960 daAuts
     D:1: 881 daAuts
     D:7: 779 daAuts
  Temple: 231 daAuts
